 Dungeon Crawl Stone Soup version 0.31-a0-963-ga325b2283a (webtiles) character file.

Game seed: 7283282384611914070

34187 Ekaitz the Zephyrmancer (level 13, -2/78 HPs)
             Began as a Tengu Air Elementalist on Oct 24, 2023.
             Was an Elder of Vehumet.
             Slain by a skyshark (21 damage)
             ... on level 4 of the Lair of Beasts.
             The game lasted 00:57:38 (18867 turns).

Ekaitz the Zephyrmancer (Tengu Air Elementalist)   Turns: 18867, Time: 00:57:39

Health: -2/78      AC:  9    Str: 10    XL:     13   Next: 75%
Magic:  1/27       EV: 19    Int: 26    God:    Vehumet [****..]
Gold:   781        SH:  0    Dex: 14    Spells: 4/31 levels left

rFire   . . .        a - staff of air
rCold   . . .        (no shield)
rNeg    . . .        V - +2 leather armour {rPois}
rPois   +            (helmet restricted)
rElec   +            J - +0 cloak
rCorr   .            T - +2 pair of gloves
SInv    .            (boots unavailable)
Will    +....        n - amulet of regeneration
Stlth   ++           y - ring of willpower
HPRegen 1.13/turn    o - +6 ring of intelligence
MPRegen 0.20/turn

%: acrobat
@: about to teleport, flying
A: beak, talons 3, evasive flight, acrobatic
a: Renounce Religion


You were on level 4 of the Lair of Beasts.
You worshipped Vehumet.
Vehumet was greatly pleased with you.
You visited 2 branches of the dungeon, and saw 16 of its levels.
You also visited: Ossuary and Gauntlet.

You collected 1111 gold pieces.
You spent 330 gold pieces at shops.

Inventory:

Hand Weapons
 d - a +2 dagger of speed
 u - a +4 short sword
 z - a +2 dagger of pain
 Q - the +7 whip "Narreti" {drain, Fly Int+5}
   (You found it on level 8 of the Dungeon)

   Int+5:     It affects your intelligence (+5).
   Fly:       It grants you flight.
Missiles
 x - 2 throwing nets
 H - 3 curare-tipped darts
 N - 23 poisoned darts
Armour
 J - a +0 cloak (worn)
 L - a +0 buckler
 O - the scarf of Darkness {rC+ rF+, *Corrode Fly Dex+6}
   (You bought it in a shop on level 12 of the Dungeon)

   Dex+6:     It affects your dexterity (+6).
   Fly:       It grants you flight.
   *Corrode:  It may corrode you when you take damage.
 T - a +2 pair of gloves (worn)
 V - a +2 leather armour of poison resistance (worn)
 Y - a +0 troll leather armour
Magical Staves
 a - a staff of air (weapon)
Jewellery
 l - an amulet of reflection
 m - a ring of resist corrosion
 n - an amulet of regeneration (around neck)
 o - a +6 ring of intelligence (right hand)
 v - a ring of see invisible
 y - a ring of willpower (left hand)
 D - an amulet of magic regeneration
 P - a +5 ring of evasion
Wands
 A - a wand of mindburst (11)
 K - a wand of light (4)
 U - a wand of iceblast (16)
 W - a wand of digging (10)
 Z - a wand of flame (9)
Scrolls
 c - 3 scrolls of fear {unknown}
 g - 6 scrolls of blinking {unknown}
 j - 12 scrolls of teleportation
 k - 4 scrolls of silence
 p - a scroll of enchant armour {unknown}
 w - 3 scrolls of enchant weapon {unknown}
 B - 3 scrolls of poison {unknown}
 C - a scroll of revelation
 G - 3 scrolls of immolation
 M - a scroll of vulnerability
 R - 3 scrolls of amnesia
Potions
 b - 5 potions of magic
 e - 9 potions of curing {unknown}
 f - 2 potions of invisibility
 h - 5 potions of brilliance {unknown}
 i - 10 potions of haste {unknown}
 q - 4 potions of ambrosia {unknown}
 r - a potion of lignification
 s - 4 potions of heal wounds {unknown}
 t - a potion of enlightenment
 E - a potion of resistance
 F - 3 potions of berserk rage {unknown}
 I - a potion of mutation
 X - 4 potions of might


   Skills:
 * Level 8.1 Fighting
 + Level 1.0 Short Blades
 + Level 2.8 Armour
 * Level 9.4 Dodging
 + Level 3.1 Stealth
 + Level 0.1 Unarmed Combat
 + Level 9.5 Spellcasting
 + Level 7.2 Conjurations
 + Level 3.0 Necromancy
 + Level 1.4 Transmutations
 * Level 9.4 Fire Magic
 * Level 14.5 Air Magic
 + Level 2.4 Poison Magic
 * Level 7.4 Evocations


You had 4 spell levels left.
You knew the following spells:

 Your Spells              Type           Power      Damage    Failure   Level
a - Shock                 Conj/Air       100%       1d9       1%          1
b - Static Discharge      Conj/Air       100%       3-8/arc   1%          2
c - Swiftness             Air            93%        N/A       1%          3
d - Airstrike             Air            46%        2d(7-23)  1%          4
e - Poisonous Vapours     Pois/Air       100%       N/A       1%          2
f - Plasma Beam           Fire/Air       42%        2x1d56    1%          6
g - Arcjolt               Conj/Air       40%        1d50      1%          5
i - Ignite Poison         Fire/Tmut/Pois 35%        N/A       1%          3
x - Foxfire               Conj/Fire      100%       2x1d9     1%          1

Your spell library contained the following spells:

 Spells                   Type           Power      Damage    Failure   Level
 Necrotise                Necr           100%       1d9       1%          1
 Momentum Strike          Conj/Tloc      62%        3d9       1%          2
 Dazzling Flash           Conj/Hex       62%        N/A       1%          3
 Hailstorm                Conj/Ice       31%        3d8       1%          3
 Mephitic Cloud           Conj/Pois/Air  69%        N/A       1%          3
 Sting                    Tmut/Pois      88%        1d7       2%          1
 Frozen Ramparts          Ice            24%        1d4       5%          3
 Vampiric Draining        Necr           28%        2d8       5%          3
 Apportation              Tloc           24%        N/A       6%          1
 Slow                     Hex            48%        N/A       6%          1
 Summon Small Mammal      Summ           48%        N/A       6%          1
 Olgreb's Toxic Radiance  Pois           25%        N/A       6%          4
 Passwall                 Tmut/Erth      13%        N/A       7%          2
 Blink                    Tloc           24%        N/A       10%         2
 Ensorcelled Hibernation  Hex/Ice        24%        N/A       10%         2
 Lesser Beckoning         Tloc           24%        N/A       10%         2
 Confusing Touch          Hex            12%        N/A       19%         3
 Sigil of Binding         Hex            12%        N/A       19%         3
 Anguish                  Hex/Necr       10%        N/A       32%         4
 Petrify                  Tmut/Erth      16%        N/A       43%         4
 Cause Fear               Hex            6%         N/A       54%         4
 Summon Ice Beast         Ice/Summ       12%        N/A       54%         4
 Freezing Cloud           Conj/Ice/Air   33%        6-21      2%          5
 Silence                  Hex/Air        33%        N/A       9%          5
 Starburst                Conj/Fire      27%        6d9       9%          6
 Agony                    Necr           28%        N/A       45%         5
 Metabolic Englaciation   Hex/Ice        6%         N/A       87%         5
 Ignition                 Fire           28%        3d9       88%         8
 Simulacrum               Ice/Necr       10%        N/A       99%         6
 Enfeeble                 Hex            6%         N/A       100%        7
 Discord                  Hex            6%         N/A       100%        8


Dungeon Overview and Level Annotations

Branches:
Dungeon (12/15)            Temple (0/1) D:7            Lair (4/5) D:8
  Swamp (0/4) Lair:2       Spider (0/4) Lair:2          Orc (0/2) D:10
Ossuary (visited)         Gauntlet (visited)
  Slime: Lair:4-5

Altars:
Cheibriados
Fedhas
Hepliaklqana
Makhleb
Qazlal
Ru
Vehumet
Zin

Shops:
D:5 *   D:7 *   D:12 [


Innate Abilities, Weirdness & Mutations

You have a beak for a mouth.
You have claws for feet.
Your magical flight helps you evade attacks. (EV +4)
You can magically evade attacks while moving or waiting.


Message History

Poisonous vapours surround the skyshark!
The skyshark is poisoned.
A komodo dragon comes into view.
The skyshark bites you!
The skyshark enters a blood-rage!
The skyshark completely misses you. The skyshark barely misses you.
Casting: Poisonous Vapours (safe; 1% risk of failure)
Confirm with . or Enter, or press ? or * to list all spells.
You ignite the poison in your surroundings!
The skyshark seems to burn from within!!!
The skyshark is moderately wounded.
The skyshark closely misses you. The skyshark tail-slaps you.
The skyshark tail-slaps you but does no damage.
Casting: Ignite Poison (safe; 1% risk of failure)
Confirm with . or Enter, or press ? or * to list all spells.
You don't know that spell.
Unknown command.
Casting: Ignite Poison (safe; 1% risk of failure)
Confirm with . or Enter, or press ? or * to list all spells.
Aiming: Poisonous Vapours (safe; 1% risk of failure)
Press: ? - help, Dir - move target, f/p - skyshark
Aim: a skyshark (moderately wounded, berserk)
You feel a surge of power!
Poisonous vapours surround the skyshark!
The skyshark is poisoned.
The skyshark bites you!! The skyshark tail-slaps you.
The skyshark barely misses you. The skyshark closely misses you.
The skyshark tail-slaps you. The skyshark misses you.
Casting: Poisonous Vapours (safe; 1% risk of failure)
Confirm with . or Enter, or press ? or * to list all spells.
You feel a surge of power!
Electricity surges outward!
The skyshark is struck by an electric surge.
The skyshark is heavily wounded.
You hear a croak.
The skyshark bites you! The skyshark tail-slaps you.
* * * LOW HITPOINT WARNING * * *
The skyshark tail-slaps you.
* * * LOW HITPOINT WARNING * * *
Unknown command.
As you read the scroll of teleportation, it crumbles to dust.
You feel strangely unstable. The skyshark bites you!!
You die...

##..........
.#...⌠....... ...
........#... ...
#.⌠...⌠.... .....
#.......... .....
#...⌠...# .###...
##..†....######......
#...@#......##.......
#...##l## ....#.....#.
#... #...##..⌠.+.......
#.l ##.....##..#.......
#.......###.#..........
#...##..................
. #.......<........##.
........p........####
..###.:.......#..## #


You could see a skyshark (berserk, very poisoned) and a komodo dragon.

Vanquished Creatures
  Kirke (Lair:3)
  3 catoblepae
  3 boulder beetles
  2 hydras (Lair:2)
  A two-headed ogre (D:10)
  4 death yaks
  2 oklob plants (Lair:2)
  4 manticores
  A cyclops (D:12)
  Joseph (D:9)
  2 black mambas (Lair:1)
  5 cane toads
  A gargoyle (D:12)
  3 unseen horrors
  A rime drake (Lair:2)
  A kobold demonologist (D:11)
  9 komodo dragons
  5 trolls
  3 polar bears
  Grinder (D:4)
  A hornet (D:8)
  5 slime creatures (D:12)
  2 jumping spiders (Lair:2)
  2 shadows
  2 culicivoras (Lair:2)
  6 wyverns
  A vampire (D:11)
  2 wraiths
  2 hogs (Lair:4)
  25 yaks
  2 redbacks (Lair:2)
  2 vampire mosquitoes (D:10)
  Menkaure (D:6)
  2 acid dragons
  12 water moccasins
  5 black bears
  4 ice beasts
  3 orc warriors
  2 sky beasts
  An ogre (D:7)
  13 wolves
  3 centaurs
  A phantom (D:5)
  4 kobold brigands
  5 bullfrogs
  An elf zombie (Ossuary)
  5 scorpions
  5 wights (D:9)
  7 killer bees
  3 howler monkeys
  2 centaur zombies (Ossuary)
  Crazy Yiuf (D:6)
  A hound (D:4)
  A jelly (D:6)
  4 human zombies (Ossuary)
  2 orc priests
  6 iguanas
  13 orc wizards
  10 hell rats
  2 mummies (Ossuary)
  7 gnolls
  9 adders
  A shadow imp (D:7)
  8 ufetubi (D:6)
  An adder zombie (Ossuary)
  A worm (D:2)
  3 dart slugs
  30 orcs
  5 endoplasms
  3 giant cockroaches
  11 goblins
  6 hobgoblins
  5 quokkas
  9 ball pythons
  4 bats
  2 frilled lizards
  A goblin zombie (Ossuary)
  10 hobgoblin zombies (Ossuary)
  A jackal zombie (Ossuary)
  30 kobolds
  8 kobold zombies (Ossuary)
  8 orc zombies (Ossuary)
  4 rats
391 creatures vanquished.

Vanquished Creatures (collateral kills)
  A foxfire (D:3)
1 creature vanquished.

Vanquished Creatures (others)
  2 humans (Lair:4)
  641 foxfires
643 creatures vanquished.

Grand Total: 1035 creatures vanquished

Notes
Turn   | Place    | Note
-------+----------+-------------------------------------------
     0 | D:1      | Ekaitz the Tengu Air Elementalist began the quest for the
                  | Orb.
     0 | D:1      | Reached XP level 1. HP: 10/10 MP: 4/4
   198 | D:1      | Reached XP level 2. HP: 15/15 MP: 0/6
   205 | D:1      | Learned a level 2 spell: Static Discharge
  1088 | D:2      | Found a faded altar of an unknown god.
  1179 | D:2      | Reached XP level 3. HP: 17/20 MP: 2/7
  1192 | D:2      | Learned a level 3 spell: Swiftness
  1601 | D:2      | Learned a level 1 spell: Foxfire
  2099 | D:3      | Reached skill level 1 in Fighting
  2099 | D:3      | Reached skill level 1 in Fire Magic
  2099 | D:3      | Reached XP level 4. HP: 25/25 MP: 0/8
  2193 | D:3      | Reached skill level 5 in Air Magic
  2397 | D:3      | Noticed a centaur
  2411 | D:3      | Killed a centaur
  2412 | D:3      | Reached XP level 5. HP: 12/29 MP: 5/10
  2599 | D:3      | Reached XP level 6. HP: 34/34 MP: 3/11
  2607 | D:3      | Learned a level 4 spell: Airstrike
  3107 | D:4      | Noticed Grinder
  3107 | D:4      | Paralysed by Grinder for 2 turns
  3126 | D:4      | Paralysed by Grinder for 2 turns
  3130 | D:4      | Killed Grinder
  3131 | D:4      | Gained mutation: Your magical flight helps you evade
                  | attacks. (EV +4) [Tengu growth]
  3131 | D:4      | Reached XP level 7. HP: 40/40 MP: 1/13
  3677 | D:4      | Reached skill level 6 in Air Magic
  3753 | D:4      | Reached XP level 8. HP: 45/45 MP: 4/14
  4293 | D:5      | Entered Level 5 of the Dungeon
  4326 | D:5      | Found Iwagel's Overcharged Wands.
  4504 | D:5      | Found a sand-covered staircase.
  4803 | Ossuary  | Entered an ossuary
  5207 | Ossuary  | Reached skill level 1 in Evocations
  5451 | Ossuary  | Reached skill level 1 in Armour
  5451 | Ossuary  | Reached skill level 5 in Conjurations
  5788 | D:5      | Found a sacrificial altar of Ru.
  6138 | D:6      | Reached XP level 9. HP: 52/52 MP: 12/17
  6180 | D:6      | Noticed Menkaure
  6185 | D:6      | Killed Menkaure
  6249 | D:6      | Reached skill level 5 in Fire Magic
  6252 | D:6      | Reached skill level 5 in Dodging
  6463 | D:6      | Reached skill level 5 in Spellcasting
  6463 | D:6      | Reached skill level 7 in Air Magic
  6691 | D:6      | Found a runed translucent door.
  6692 | D:6      | Noticed Crazy Yiuf
  6698 | D:6      | Killed Crazy Yiuf
  6754 | D:6      | Reached skill level 1 in Necromancy
  6997 | D:7      | Reached skill level 1 in Short Blades
  7383 | D:7      | Found a snail-covered altar of Cheibriados.
  7429 | D:7      | Found Ruagek's Serpentskin Sales.
  7563 | D:7      | Found a radiant altar of Vehumet.
  7564 | D:7      | Found a hazy altar of Hepliaklqana.
  7569 | D:7      | Became a worshipper of Vehumet
  7678 | D:7      | Found a staircase to the Ecumenical Temple.
  7712 | D:7      | Reached skill level 8 in Air Magic
  7801 | D:7      | Reached XP level 10. HP: 58/58 MP: 10/19
  8175 | D:8      | Found a staircase to the Lair.
  8235 | D:8      | Reached * piety under Vehumet
  8235 | D:8      | Offered knowledge of Freeze by Vehumet.
  8477 | D:8      | Reached skill level 5 in Fighting
  8483 | D:8      | Identified the +7 whip "Narreti" {drain, Fly Int+5}
  9289 | D:9      | Found a glowing silver altar of Zin.
  9292 | D:9      | Noticed Joseph
  9312 | D:9      | Killed Joseph
  9313 | D:9      | Reached skill level 9 in Air Magic
 10184 | D:10     | Entered Level 10 of the Dungeon
 10187 | D:10     | Found a stormy altar of Qazlal.
 10299 | D:10     | Found a burning altar of Makhleb.
 10360 | D:10     | Reached XP level 11. HP: 33/64 MP: 4/21
 10367 | D:10     | Learned a level 6 spell: Plasma Beam
 10504 | D:10     | Reached skill level 10 in Air Magic
 10504 | D:10     | Reached ** piety under Vehumet
 10542 | D:10     | Found a staircase to the Orcish Mines.
 10764 | D:10     | Offered knowledge of Poisonous Vapours by Vehumet.
 10768 | D:10     | Learned a level 2 spell: Poisonous Vapours
 10908 | D:10     | Reached skill level 5 in Evocations
 11219 | D:10     | Noticed a two-headed ogre
 11223 | D:10     | Killed a two-headed ogre
 11439 | D:11     | Noticed a boulder beetle
 11453 | D:11     | Killed a boulder beetle
 12136 | D:11     | Offered knowledge of Volatile Blastmotes by Vehumet.
 12378 | D:11     | Reached skill level 11 in Air Magic
 12528 | Gauntlet | Identified the of Gakav
 12625 | D:12     | Noticed a manticore
 12647 | D:12     | Found Gosemoow's Antique Armour Shop.
 12653 | D:12     | Bought a spiked scarf for 330 gold pieces
 12653 | D:12     | Identified the scarf of Darkness {rC+ rF+, *Corrode Fly
                  | Dex+6} (You bought it in a shop on level 12 of the Dungeon)
 12727 | D:12     | Found a gate leading to a gauntlet.
 12758 | Gauntlet | Entered a Gauntlet
 12758 | Gauntlet | Found a transporter.
 12758 | Gauntlet | Found a large runed translucent door.
 12758 | Gauntlet | Found a large runed translucent door.
 12758 | Gauntlet | Found a large runed translucent door.
 12758 | Gauntlet | Found a large runed translucent door.
 12758 | Gauntlet | Found a large runed translucent door.
 12758 | Gauntlet | Found a large runed translucent door.
 12758 | Gauntlet | Found a runed translucent door.
 12758 | Gauntlet | Found a runed translucent door.
 12758 | Gauntlet | Found a large runed translucent door.
 12758 | Gauntlet | Found a large runed translucent door.
 12758 | Gauntlet | Found a large runed translucent door.
 12758 | Gauntlet | Found a large runed translucent door.
 12758 | Gauntlet | Found a large runed translucent door.
 12758 | Gauntlet | Found a large runed translucent door.
 12767 | Gauntlet | Found a transporter.
 12781 | Gauntlet | Noticed a quicksilver ooze
 12790 | Gauntlet | Found a transporter.
 12791 | Gauntlet | Found a transporter.
 12794 | Gauntlet | Noticed a cacodemon
 12800 | Gauntlet | Found a transporter.
 12820 | Gauntlet | Found a transporter.
 12820 | Gauntlet | Noticed a dire elephant
 12829 | Gauntlet | Noticed a sixfirhy
 12831 | Gauntlet | Noticed a sixfirhy
 12833 | Gauntlet | Found a transporter.
 12835 | Gauntlet | Noticed a sixfirhy
 12836 | Gauntlet | Noticed a sixfirhy
 12850 | Gauntlet | Found a transporter.
 12854 | Gauntlet | Found a transporter.
 12854 | Gauntlet | Noticed a great orb of eyes
 12858 | Gauntlet | Noticed a white ugly thing
 12859 | Gauntlet | Noticed a brown ugly thing
 12862 | Gauntlet | Found a transporter.
 12875 | Gauntlet | Found a large runed translucent door.
 12876 | Gauntlet | Found a large runed translucent door.
 12878 | Gauntlet | Found a runed translucent gate.
 12886 | Gauntlet | Found a runed translucent gate.
 12886 | Gauntlet | Found a transporter.
 12886 | Gauntlet | Found a transporter.
 12887 | Gauntlet | Found a runed translucent gate.
 12891 | Gauntlet | Found a large runed translucent door.
 12892 | Gauntlet | Found a large runed translucent door.
 13330 | D:12     | Noticed a boulder beetle
 13337 | D:12     | Killed a boulder beetle
 13338 | D:12     | Reached XP level 12. HP: 71/71 MP: 14/24
 13411 | D:12     | Reached *** piety under Vehumet
 13612 | D:12     | Reached skill level 12 in Air Magic
 13863 | D:12     | Noticed a boulder beetle
 13882 | D:12     | Killed a boulder beetle
 14095 | Lair:1   | Entered Level 1 of the Lair of Beasts
 14174 | Lair:1   | Offered knowledge of Ignite Poison by Vehumet.
 14553 | Lair:1   | Learned a level 3 spell: Ignite Poison
 14758 | Lair:1   | Reached skill level 13 in Air Magic
 15266 | Lair:2   | Noticed a five-headed hydra
 15269 | Lair:2   | Killed a five-headed hydra
 15274 | Lair:2   | Noticed a six-headed hydra
 15278 | Lair:2   | Noticed a catoblepas
 15439 | Lair:2   | Found a hole to the Spider Nest.
 15557 | Lair:2   | Killed a catoblepas
 15812 | Lair:2   | Killed a six-headed hydra
 15823 | Lair:2   | Reached **** piety under Vehumet
 15824 | Lair:2   | Reached XP level 13. HP: 76/76 MP: 3/26
 16075 | Lair:2   | Found a staircase to the Swamp.
 16235 | Lair:2   | You are sucked into a shaft and drop 2 floors!
 16244 | Lair:3   | Reached skill level 1 in Poison Magic
 16408 | Lair:3   | Offered knowledge of Arcjolt by Vehumet.
 16415 | Lair:3   | Learned a level 5 spell: Arcjolt
 16804 | Lair:2   | Reached skill level 1 in Transmutations
 17185 | Lair:2   | Found a blossoming altar of Fedhas.
 17192 | Lair:2   | Reached skill level 14 in Air Magic
 18594 | Lair:4   | Noticed Kirke
 18774 | Lair:3   | Killed Kirke
 18867 | Lair:4   | Slain by a skyshark

Illustrated notes

Levels and vault maps discovered:
D:1:      dpeg_arrival_chambers_temple_mockup, layout_basic,
          chequers_serial_rivers_room_a, minmay_misc_feat_rows,
          minmay_tiny_reverse_x
D:2:      layout_loops_corners, nicolae_ecumenical_lake_church
D:3:      layout_rooms, hangedman_glass_garden
D:4:      layout_gridville, minmay_bent, uniq_grinder
D:5:      layout_gridville, nicolae_ru_the_path_less_chosen,
          nicolae_ossuary_entry_ruins, nicolae_shop_overcharged_wands
D:6:      layout_cave_pools, uniq_menkaure, uniq_crazy_yiuf_cottage
D:7:      layout_basic, kennysheep_slug_shrine, nicolae_overflow_two_pavilions,
          minmay_temple_entry_slanted, guppyfry_shop_venom
D:8:      layout_cave_pools
D:9:      layout_loops_corners, lemuel_doored_altar, uniq_joseph
D:10:     nicolae_BIG_FREAKIN_CUBE, layout_basic,
          mainiacjoe_overflow_concentric_impassable, bloody_makhleb,
          grunt_ministairs_1
D:11:     layout_irregular_city
D:12:     layout_loops_ring, serial_shops, nicolae_square_shop,
          gauntlet_entry_generic, chequers_serial_rivers_room_a
Lair:1:   layout_cave_shapes, chequers_serial_rivers_small_a,
          beast_lair_carwin_10, infiniplex_staircase_pool_2, grunt_megastairs_2
Lair:2:   layout_cave_pods, minmay_swamp_entry_reptiles,
          nicolae_spider_entry_tight_spaces, hangedman_tree_tricks
Lair:3:   nzn_motion_control, layout_regular_city, serial_bayou_shore_b
Lair:4:   layout_hall_layers, grunt_forest_large_clearing_hut,
          grunt_megastairs_4, uniq_kirke

Skill      XL: |  1  2  3  4  5  6  7  8  9 10 11 12 13 |
---------------+----------------------------------------+-----
Fighting       | 1 2 3 4 5 6 7 8 |  8.1
Fire Magic     | 1 2 4 5 6 7 8 9 |  9.4
Conjurations   | 2 3 4 5 6 7 |  7.2
Air Magic      | 5 6 8 9 11 13 14 | 14.5
Spellcasting   | 3 4 5 6 7 8 9 |  9.5
Dodging        | 3 4 5 6 7 8 9 |  9.4
Evocations     | 1 3 4 5 6 7 |  7.4
Armour         | 1 2 |  2.8
Necromancy     | 2 3 |  3.0
Short Blades   | 1 |  1.0
Stealth        | 3 |  3.1
Poison Magic   | 2 |  2.4
Transmutations | 1 |  1.4
Unarmed Combat | |  0.1

Action                     |  1- 3 |  4- 6 |  7- 9 | 10-12 | 13-15 || total
---------------------------+-------+-------+-------+-------+-------++-------
  Melee: Dagger            |    13 |    18 |    25 |       |       ||    56
         Kick              |     3 |     1 |    12 |     3 |       ||    19
         Peck              |     1 |     1 |     6 |     5 |       ||    13
         Staff             |       |       |     3 |    14 |       ||    17
         Punch             |       |       |     1 |       |       ||     1
         Unarmed           |       |       |       |       |    12 ||    12
   Cast: Shock             |    46 |    15 |    58 |   107 |    17 ||   243
         Static Discharge  |     3 |     7 |    17 |    53 |     8 ||    88
         Foxfire           |     8 |    25 |   191 |   127 |     7 ||   358
         Airstrike         |       |       |    25 |    97 |    29 ||   151
         Poisonous Vapours |       |       |       |    21 |    43 ||    64
         Ignite Poison     |       |       |       |     7 |    28 ||    35
         Plasma Beam       |       |       |       |     6 |     3 ||     9
         Arcjolt           |       |       |       |       |     5 ||     5
    Use: Scroll            |       |       |       |    12 |     3 ||    15
   Stab: Sleeping          |     1 |     1 |     1 |       |       ||     3
         Distracted        |       |       |     1 |       |       ||     1
 Armour: Robe              |    12 |    18 |       |       |       ||    30
         Leather armour    |       |     5 |    60 |   154 |    60 ||   279
         Skin              |       |       |       |       |     2 ||     2
  Dodge: Dodged            |    17 |    23 |    74 |   200 |    60 ||   374

Table legend: (Time is in decaauts)
 A = Elapsed time spent in this place.
 B = Non-inter-level travel time spent in this place.
 C = Inter-level travel time spent in this place.
 D = Time resting spent in this place.
 E = Time spent auto-exploring this place.
 F = Levels seen in this place.
 G = Mean time per level.
                   A        B        C        D        E       F      G
               +--------+--------+--------+--------+--------+-----+--------+
         Total |  18917 |  18299 |    618 |    862 |  13903 |  18 | 1050.9 |
       Dungeon |  12919 |  12431 |    488 |    386 |   9840 |  12 | 1076.6 |
          Lair |   4839 |   4710 |    129 |    438 |   3534 |   4 | 1209.8 |
       Ossuary |    853 |    853 |      0 |     38 |    469 |   1 |  853.0 |
      Gauntlet |    305 |    305 |      0 |      0 |     59 |   1 |  305.0 |
               +--------+--------+--------+--------+--------+-----+--------+

Top non-repeatable levels by time:
  Lair:2: 1800 daAuts
  Lair:3: 1637 daAuts
     D:9: 1336 daAuts
     D:7: 1316 daAuts
     D:4: 1302 daAuts
    D:10: 1252 daAuts
  Lair:1: 1237 daAuts
    D:12: 1184 daAuts
    D:11: 1140 daAuts
     D:6: 1055 daAuts
     D:1: 1051 daAuts
     D:2: 1036 daAuts
     D:3: 889 daAuts
 Ossuary: 853 daAuts
     D:5: 729 daAuts
